 Dungeon Crawl Stone Soup version 0.30.0 (webtiles) character file.

Game seed: 15296123365366219115

28313 mikunn the Basher (level 13, -7/104 HPs)
             Began as a Human Fighter on Nov 25, 2023.
             Was an Elder of Wu Jian.
             Killed from afar by a shock serpent (24 damage)
             ... with a bolt of electricity
             ... on level 2 of the Snake Pit.
             The game lasted 02:39:06 (12182 turns).

mikunn the Basher (Human Fighter)                  Turns: 12182, Time: 02:39:07

Health: -7/104     AC: 15    Str: 21    XL:     13   Next: 72%
Magic:  0/4        EV: 15    Int: 10    God:    Wu Jian [****..]
Gold:   589        SH:  4    Dex: 12    Spells: 8/12 levels left

rFire   + . .        w - +12 flail "Qiyri" {antimagic, rPois Will++}
rCold   . . .        c - +0 buckler
rNeg    . . .        Q - +0 swamp dragon scales
rPois   +            Y - +1 hat
rElec   .            e - scarf {repulsion}
rCorr   .            f - +0 pair of gloves
SInv    .            m - +1 pair of boots
Will    ++...        p - amulet of the acrobat
Stlth   +            N - +5 ring of evasion
HPRegen 1.17/turn    I - ring of protection from fire
MPRegen 0.09/turn

%: repel missiles, acrobat
@: exhausted, studying Staves
A: horns 1, regeneration 1
a: Renounce Religion, Wall Jump, Serpent's Lash


You were on level 2 of the Snake Pit.
You worshipped Wu Jian.
Wu Jian was greatly pleased with you.
You visited 4 branches of the dungeon, and saw 14 of its levels.

You collected 589 gold pieces.

Inventory:

Hand Weapons
 a - a +1 heavy trident
 w - the +12 flail "Qiyri" (weapon) {antimagic, rPois Will++}
   (You found it on level 4 of the Dungeon)

   rPois:     It protects you from poison.
   Will:      It greatly increases your willpower.
 C - a +3 mace of freezing
 E - a +3 flail of holy wrath
 J - a +2 dagger of distortion
 O - a +2 whip of electrocution
 P - a +2 war axe of draining
Missiles
 d - 2 throwing nets
 B - 3 curare-tipped darts
 M - 9 javelins
Armour
 b - a +0 scale mail
 c - a +0 buckler (worn)
 e - a scarf of repulsion (worn)
 f - a +0 pair of gloves (worn)
 m - a +1 pair of boots (worn)
 F - a +3 leather armour of fire resistance
 Q - +0 swamp dragon scales (worn)
 T - a +0 plate armour
 Y - a +1 hat (worn)
Jewellery
 p - an amulet of the acrobat (around neck)
 q - a +5 ring of evasion
 I - a ring of protection from fire (right hand)
 N - a +5 ring of evasion (left hand)
 S - a ring of protection from fire
Wands
 t - a wand of mindburst (7)
 u - a wand of digging (3)
 H - a wand of polymorph (14)
 K - a wand of roots (9)
Scrolls
 g - 5 scrolls of teleportation
 h - a scroll of torment
 l - 3 scrolls of amnesia
 r - a scroll of enchant weapon
 s - a scroll of fear
 y - 3 scrolls of vulnerability
 z - a scroll of silence
 G - a scroll of immolation
 V - a scroll of magic mapping
 W - 2 scrolls of identify
 X - a scroll of poison {unknown}
Potions
 i - 2 potions of brilliance
 j - a potion of ambrosia
 k - a potion of mutation
 o - 4 potions of curing
 v - a potion of heal wounds
 x - 3 potions of degeneration
 A - 2 potions of cancellation
 D - 3 potions of attraction
 L - 2 potions of flight
 R - a potion of might
 U - a potion of invisibility
Miscellaneous
 n - a phial of floods (quivered)


   Skills:
 - Level 10.4 Fighting
 + Level 12.3 Maces & Flails
 - Level 6.1 Polearms
 + Level 11.4 Armour
 - Level 3.0 Shields
 * Level 10.3 Earth Magic


You had 8 spell levels left.
You knew the following spells:

 Your Spells              Type           Power      Damage    Failure   Level
a - Leda's Liquefaction   Hex/Erth       5%         N/A       63%         4

Your spell library contained the following spells:

 Spells                   Type           Power      Damage    Failure   Level
 Stone Arrow              Conj/Erth      20%        3d8       24%         3
 Sting                    Tmut/Pois      0%         1d3       56%         1
 Animate Armour           Summ/Erth      20%        N/A       63%         4
 Poisonous Vapours        Pois/Air       0%         N/A       71%         2
 Call Canine Familiar     Summ           0%         N/A       90%         3
 Hailstorm                Conj/Ice       0%         3d3       90%         3
 Portal Projectile        Hex/Tloc       0%         N/A       90%         3
 Vhi's Electric Charge    Tloc/Air       0%         N/A       90%         3
 Anguish                  Hex/Necr       0%         N/A       100%        4
 Ice Form                 Ice/Tmut       0%         N/A       100%        4
 Olgreb's Toxic Radiance  Pois           0%         N/A       100%        4
 Arcjolt                  Conj/Air       0%         1d10      100%        5
 Blade Hands              Tmut           0%         N/A       100%        5
 Iron Shot                Conj/Erth      5%         9d2       100%        6
 Simulacrum               Ice/Necr       0%         N/A       100%        6
 Lehudib's Crystal Spear  Conj/Erth      5%         10d3      100%        8
 Maxwell's Capacitive Co  Air            0%         ∞         100%        8
 Death's Door             Necr           0%         N/A       100%        9


Dungeon Overview and Level Annotations

Branches:
Dungeon (9/15)             Temple (1/1) D:6            Lair (2/5) D:9
  Snake (2/4) Lair:2
  Swamp: Lair:2-3    Shoals: Lair:2-3       Orc: D:9-12

Altars:
Ashenzari
Cheibriados
Dithmenos
Elyvilon
Fedhas
Gozag
Hepliaklqana
Kikubaaqudgha
Makhleb
Nemelex Xobeh
Okawaru
Qazlal
Ru
Sif Muna
Trog
Uskayaw
Vehumet
Wu Jian
Xom
Yredelemnul
Zin
The Shining One

Shops:
D:1 *

Annotations:
D:2 tormentor in cage
Lair:1 BIG BAD ELEPHANT
Snake:1 2 transporters, Estrea's ghost, journeyman MiFi


Innate Abilities, Weirdness & Mutations

You have a pair of small horns on your head.
Your natural rate of healing is unusually fast.


Message History

The mana viper is moderately wounded.
The mana viper closely misses you.
The mana viper attacks as you move away!
The mana viper bites you!
You feel your power leaking away. The mana viper bites you.
You feel your power leaking away.
Your muscles tense, ready for explosive movement...
You spin and attack the mana viper repeatedly, with incredible momentum.
You bludgeon the mana viper!! Your headbutt misses the mana viper.
The mana viper is severely wounded.
You bludgeon the mana viper!! You headbutt the mana viper.
You kill the mana viper!
The Council accepts your kill.
Aiming: Wall Jump
Press: ? - help, Dir - move target You repeatedly attack the shock serpent from above, with incredible momentum.
You sock the shock serpent! Your headbutt misses the shock serpent.
The shock serpent is moderately wounded.
You bludgeon the shock serpent!!
The shock serpent is heavily wounded.
You bludgeon the shock serpent!!
The shock serpent is almost dead.
Your supernatural speed expires.
The shock serpent's electric aura discharges violently, shocking you!
The shock serpent bites you. The shock serpent shocks you!
You barely miss the shock serpent.
The shock serpent is almost dead.
The shock serpent shoots out a bolt of lightning at you!
The bolt of electricity hits you!! x2
* * * LOW HITPOINT WARNING * * *
The bolt of electricity hits the shock serpent.
The shock serpent completely resists.
The bolt of electricity hits the shock serpent.
The shock serpent completely resists.
You miss the shock serpent. Your headbutt misses the shock serpent.
The shock serpent is almost dead.
The shock serpent shoots out a bolt of lightning at you!
The bolt of electricity hits you!!
You die...

...# ##...#
#....#
##....###.
#.........
..#####$......#
.......°.°....#
#S@# #°°# ##°°#
###..## ##...##
#..###
.#.####..#
....<..<.#
....###..#


You could see a shock serpent.

Vanquished Creatures
  A catoblepas (Lair:1)
  3 anacondas (Snake:1)
  2 two-headed ogres (D:9)
  A shock serpent (Snake:1)
  Pikel (D:9)
  A mana viper (Snake:2)
  A lindwurm (Lair:2)
  An ugly thing (D:8)
  A salamander (Lair:2)
  6 elephants
  Maggie (D:9)
  2 naga magi (Snake:1)
  4 black mambas
  Psyche (D:8)
  3 rime drakes (Lair:1)
  5 cane toads
  5 komodo dragons
  3 polar bears (Lair:1)
  A hornet (D:9)
  A dream sheep (Lair:1)
  A vampire (D:9)
  30 yaks
  3 wyverns
  2 steam dragons
  2 basilisks (Lair:1)
  Edmund (D:6)
  2 nagas (Snake:1)
  9 water moccasins
  An orc warrior (D:9)
  3 black bears
  A sky beast (D:7)
  3 ogres
  2 ice beasts
  28 wolves
  3 centaurs
  A lemure (D:9)
  Blork the orc (D:6)
  4 bullfrogs
  The ghost of PiratePeteNZ the Conjurer, an amateur DECj (D:3)
  3 kobold brigands
  3 scorpions
  4 wights (D:5)
  3 killer bees (D:9)
  An electric eel (Lair:1)
  3 howler monkeys
  2 lava snakes (Lair:2)
  A crimson imp (D:4)
  4 jellies
  5 gnoll boudas
  5 orc priests
  6 hounds
  A sleepcap (D:4)
  4 iguanas
  5 orc wizards
  A scorpion simulacrum (D:3)
  37 gnolls
  11 adders
  A hound simulacrum (D:3)
  A shadow imp (D:5)
  3 worms
  2 dart slugs
  4 adder simulacra (D:3)
  50 orcs
  9 endoplasms
  2 giant cockroaches
  4 goblins
  9 hobgoblins
  25 jackals
  17 kobolds
  5 quokkas
  6 ball pythons
  8 bats
  8 frilled lizards
  2 goblin skeletons (D:4)
  2 goblin zombies (D:4)
  2 hobgoblin zombies (D:4)
  An orc skeleton (D:4)
  3 orc zombies (D:4)
  8 rats
413 creatures vanquished.

Vanquished Creatures (others)
  12 fungi
  17 plants
  9 toadstools (Lair:1)
38 creatures vanquished.

Grand Total: 451 creatures vanquished

Notes
Turn   | Place    | Note
-------+----------+-------------------------------------------
     0 | D:1      | mikunn the Human Fighter began the quest for the Orb.
     0 | D:1      | Reached XP level 1. HP: 18/18 MP: 1/1
   173 | D:1      | Reached XP level 2. HP: 24/24 MP: 2/2
   361 | D:1      | Found Ymurrugu's Assorted Antiques.
   669 | D:1      | Reached XP level 3. HP: 29/29 MP: 3/3
  1271 | D:2      | Reached XP level 4. HP: 37/37 MP: 4/4
  1391 | D:2      | Found a shimmering blue altar of Sif Muna.
  1867 | D:2      | Reached XP level 5. HP: 42/42 MP: 5/5
  1908 | D:2      | Found a faded altar of an unknown god.
  1908 | D:2      | Noticed a tormentor
  1920 | D:2      | Prayed at the altar of an unknown god.
  1920 | D:2      | Became a worshipper of the Wu Jian Council
  1920 | D:2      | Reached * piety under Wu Jian
  2322 | D:3      | Found a snail-covered altar of Cheibriados.
  2633 | D:3      | Reached ** piety under Wu Jian
  2709 | D:3      | Reached XP level 6. HP: 35/49 MP: 6/6
  2735 | D:3      | Gained mutation: You occasionally shout uncontrollably at
                  | your foes. [potion of mutation]
  2735 | D:3      | Gained mutation: Your magical capacity is low. (-10% MP)
                  | [potion of mutation]
  2735 | D:3      | Gained mutation: You have sharp toenails. [potion of
                  | mutation]
  2905 | D:3      | Lost mutation: You occasionally shout uncontrollably at
                  | your foes. [potion of mutation]
  2905 | D:3      | Lost mutation: Your magical capacity is low. (-10% MP)
                  | [potion of mutation]
  2905 | D:3      | Lost mutation: You have sharp toenails. [potion of
                  | mutation]
  2905 | D:3      | Gained mutation: Your natural rate of healing is unusually
                  | fast. [potion of mutation]
  2905 | D:3      | Gained mutation: You have a pair of small horns on your
                  | head. [potion of mutation]
  2981 | D:3      | Reached skill level 5 in Fighting
  2993 | D:3      | Found a runed translucent gate.
  2994 | D:3      | Found a runed translucent gate.
  3014 | D:3      | Reached XP level 7. HP: 50/56 MP: 7/7
  3130 | D:3      | Reached *** piety under Wu Jian
  3131 | D:3      | Reached skill level 5 in Polearms
  3393 | D:3      | Found a runed translucent gate.
  3438 | D:3      | Noticed PiratePeteNZ's ghost (amateur DECj)
  3858 | D:3      | Killed PiratePeteNZ's ghost
  3867 | D:3      | Reached XP level 8. HP: 64/64 MP: 8/8
  4373 | D:4      | Found a white marble altar of Elyvilon.
  4464 | D:4      | Reached skill level 5 in Armour
  4476 | D:4      | Identified the +12 flail "Qiyri" {antimagic, rPois Will++}
  4844 | D:4      | Found a glowing golden altar of the Shining One.
  4850 | D:4      | Reached **** piety under Wu Jian
  4851 | D:4      | Reached skill level 1 in Maces & Flails
  4985 | D:5      | Entered Level 5 of the Dungeon
  4985 | D:5      | Noticed a yak
  4985 | D:5      | Noticed a yak
  4986 | D:5      | Noticed a yak
  4988 | D:5      | Noticed a yak
  4993 | D:4      | Killed a yak
  4994 | D:4      | Reached skill level 2 in Maces & Flails
  5002 | D:4      | Killed a yak
  5003 | D:4      | Reached skill level 3 in Maces & Flails
  5003 | D:4      | Reached XP level 9. HP: 55/72 MP: 3/9
  5042 | D:4      | Reached skill level 4 in Maces & Flails
  5116 | D:5      | Found a radiant altar of Vehumet.
  5348 | D:5      | Found a glowing silver altar of Zin.
  5369 | D:5      | Reached skill level 5 in Maces & Flails
  6090 | D:6      | Noticed Blork the orc
  6099 | D:6      | Reached skill level 6 in Maces & Flails
  6100 | D:6      | Killed Blork the orc
  6112 | D:6      | Reached XP level 10. HP: 62/80 MP: 3/10
  6130 | D:6      | Noticed Edmund
  6134 | D:6      | Killed Edmund
  6197 | D:6      | Found a staircase to the Ecumenical Temple.
  6226 | D:6      | You fall into a shaft and drop 2 floors!
  6347 | D:8      | Reached skill level 7 in Maces & Flails
  6370 | D:8      | Noticed a white ugly thing
  6379 | D:8      | Killed a white ugly thing
  6499 | D:8      | Noticed Psyche
  6506 | D:8      | Killed Psyche
  6507 | D:8      | Reached skill level 8 in Maces & Flails
  6510 | D:8      | Identified the +5 sling of the Imperium {freeze, rC+ Str+4}
  6537 | D:8      | Found a shimmering blue altar of Sif Muna.
  6537 | D:8      | Found an opulent altar of Gozag.
  6948 | D:6      | Found a sparkling altar of Nemelex Xobeh.
  7189 | Temple   | Entered the Ecumenical Temple
  7980 | D:9      | Noticed a two-headed ogre
  7985 | D:9      | Killed a two-headed ogre
  7986 | D:9      | Reached XP level 11. HP: 89/89 MP: 3/11
  7989 | D:9      | Paralysed by a hornet for 3 turns
  7994 | D:9      | Reached skill level 9 in Maces & Flails
  8114 | D:9      | Noticed a two-headed ogre
  8139 | D:9      | Killed a two-headed ogre
  8147 | D:9      | Reached skill level 10 in Fighting
  8214 | D:9      | Found a staircase to the Lair.
  8293 | D:9      | Noticed Pikel
  8311 | D:9      | Killed Pikel
  8593 | D:9      | Noticed Maggie
  8599 | D:9      | Killed Maggie
  8600 | D:9      | Reached skill level 10 in Maces & Flails
  8708 | Lair:1   | Entered Level 1 of the Lair of Beasts
  8760 | Lair:1   | Reached skill level 1 in Earth Magic
  8908 | Lair:1   | Reached ***** piety under Wu Jian
  8981 | Lair:1   | Reached XP level 12. HP: 92/98 MP: 4/12
  9199 | Lair:1   | Reached skill level 5 in Earth Magic
  9431 | Lair:1   | Noticed a dire elephant
  9431 | Lair:1   | Noticed a catoblepas
  9472 | Lair:1   | Found a runed translucent door.
  9586 | Lair:1   | Killed a catoblepas
  9587 | Lair:1   | Reached skill level 11 in Maces & Flails
  9663 | Lair:1   | HP: 3/98 [dire elephant (24)]
  9678 | Lair:1   | Got Upet's Verses on Wicked Rituals
  9906 | Lair:2   | Reached skill level 10 in Armour
 10062 | Lair:2   | Found a staircase to the Snake Pit.
 10107 | Snake:1  | Entered Level 1 of the Snake Pit
 10513 | Lair:2   | Reached XP level 13. HP: 80/104 MP: 4/13
 10922 | Lair:2   | Reached skill level 12 in Maces & Flails
 11314 | Snake:1  | Found a bloodstained altar of Trog.
 11314 | Snake:1  | Noticed Estrea's ghost (journeyman MiFi)
 11332 | Snake:1  | Found a transporter.
 11351 | Snake:1  | Found a transporter.
 11475 | Snake:1  | Noticed an anaconda
 11490 | Snake:1  | Killed an anaconda
 11571 | Snake:1  | Reached skill level 10 in Earth Magic
 11583 | Snake:1  | Noticed an anaconda
 11624 | Snake:1  | Noticed an anaconda
 11629 | Snake:1  | Killed an anaconda
 11696 | Snake:1  | Found a hide-covered altar of Uskayaw.
 11992 | Snake:1  | Killed an anaconda
 12134 | Snake:1  | Learned a level 4 spell: Leda's Liquefaction
 12182 | Snake:2  | Killed from afar by a shock serpent

Illustrated notes

Levels and vault maps discovered:
D:1:      sevenhm_arrival_forest_fort_small_1, layout_basic, serial_shops,
          nicolae_shop_peninsula
D:2:      layout_loops_corners, basic_altar,
          dreamdust_ecumenical_altar_sealed_demon
D:3:      lemuel_castle_with_subvaults [lemuel_castle_interior_carwin_3],
          layout_loops_corners, mainiacjoe_overflow_tiny_flanked,
          gammafunk_ghost_icy, kennysheep_another_room
D:4:      layout_gridville, elyvilon_altar_3, nicolae_tso_besieged_by_evil,
          minmay_joined_circles
D:5:      layout_rooms, zin_academy, nicolae_overflow_crystal_walls
D:6:      layout_rooms, lemuel_doored_altar, minmay_temple_entry_sparse_star,
          uniq_edmund, uniq_blork_the_orc
D:7:      layout_cave_pools
D:8:      layout_basic, gammafunk_temple_overflow_statue, uniq_psyche
D:9:      layout_loops_cross, grunt_lair_entry_orc_guard_hut, uniq_maggie,
          uniq_pikel
Temple:   nicolae_temple_great_sept
Lair:1:   gammafunk_lair_enchanted_lake, layout_chaotic_city,
          cheibrodos_lair_lostbears, grunt_megastairs_3
Lair:2:   layout_cave_pods, nicolae_snake_entry_warm_welcome,
          grunt_forest_large_clearings
Snake:1:  layout_onion_interference, basic_altar,
          gammafunk_ghost_wrathful_warriors, drop_trap
Snake:2:  layout_rooms, basic_altar, uniq_agnes, uniq_vashnia

Skill      XL: |  1  2  3  4  5  6  7  8  9 10 11 12 13 |
---------------+----------------------------------------+-----
Polearms       | 3 4 5 6 |  6.1
Fighting       | 4 5 7 8 9 10 | 10.4
Armour         | 4 5 6 8 9 10 11 | 11.4
Maces & Flails | 3 6 8 10 11 12 | 12.3
Earth Magic    | 3 7 10 | 10.3
Shields        | |  3.0

Action                     |  1- 3 |  4- 6 |  7- 9 | 10-12 | 13-15 || total
---------------------------+-------+-------+-------+-------+-------++-------
  Melee: Trident           |   113 |   241 |   148 |       |       ||   502
         Headbutt          |       |     9 |    49 |   132 |    29 ||   219
         Flail             |       |       |   141 |   507 |   177 ||   825
  Throw: Boomerang         |       |     3 |    19 |       |       ||    22
         Throwing net      |       |       |       |     1 |       ||     1
 Invoke: Serpent's Lash    |       |       |     5 |    13 |     4 ||    22
         Heavenly Storm    |       |       |       |     1 |       ||     1
Ability: Whirlwind         |       |    21 |    22 |    22 |    13 ||    78
         Lunge             |       |    14 |    39 |    46 |     5 ||   104
         Wall Jump         |       |     1 |     2 |    13 |     3 ||    19
  Evoke: Wand              |       |       |     4 |     6 |       ||    10
    Use: Scroll            |     4 |     1 |    11 |     9 |     1 ||    26
         Potion            |       |     3 |       |     2 |     1 ||     6
 Armour: Scale mail        |    53 |   105 |   108 |     2 |       ||   268
         Leather armour    |       |       |       |    39 |    11 ||    50
         Swamp dragon scal |       |       |       |    58 |    49 ||   107
  Dodge: Dodged            |    58 |    89 |   133 |   348 |   142 ||   770
         Repelled          |     3 |       |       |     4 |     1 ||     8
  Block: Buckler           |    26 |    47 |    60 |    89 |    38 ||   260
